 Dungeon Crawl Stone Soup version 0.31-a0-426-g3a05650e59 (webtiles) character file.

Game seed: 18185728964400400164

62 Gelion the Changeling (level 4, -1/29 HPs)
             Began as an Octopode Shapeshifter on July 30, 2023.
             Slain by an orc wizard
             ... wielding a +0 dagger
              (3 damage)
             ... on level 3 of the Dungeon.
             The game lasted 00:02:42 (722 turns).

Gelion the Changeling (Octopode Shapeshifter)        Turns: 722, Time: 00:02:43

Health: -1/29      AC:  1    Str: 14    XL:     4   Next: 8%
Magic:  4/4        EV: 13    Int: 10    God:
Gold:   50         SH:  0    Dex: 14    Spells: 3/3 levels left

rFire   . .          .
                       - Unarmed
rCold   . . .        (no shield)
rNeg    . . .        (helmet currently unavailable)
rPois   .            (no amulet)
rElec   .            (no ring)
rCorr   .            (no ring)
SInv    .            (no ring)
Will    .....        (no ring)
Stlth   ++           (no ring)
HPRegen 0.24/turn    (no ring)
MPRegen 0.09/turn    (no ring)
                     (no ring)

%: no passive effects
@: confused, beast-form
A: beast (slay +2), almost no armour, amphibious, 8 rings, camouflage 1,
gelatinous body 1, (nimble swimmer 1), tentacles
a: Begin Untransformation


You were on level 3 of the Dungeon.
You were a hulking beast.
You visited 1 branch of the dungeon, and saw 3 of its levels.

You collected 50 gold pieces.

Inventory:

Talismans
 b - a beast talisman (active)
Scrolls
 d - a scroll of poison {unknown}
 e - a scroll of teleportation
Potions
 a - 3 potions of lignification
 c - a potion of attraction {unknown}


   Skills:
 + Level 2.0 Fighting
 - Level 2.0 Dodging
 + Level 3.5 Unarmed Combat
 * Level 3.7 Shapeshifting


You had 3 spell levels left.
You didn't know any spells.
Your spell library contained the following spells:

 Spells                   Type           Power      Damage    Failure   Level
 Foxfire                  Conj/Fire      0%         2x1d4     36%         1
 Sandblast                Erth           0%         2d4       36%         1
 Passwall                 Tmut/Erth      0%         N/A       50%         2
 Stone Arrow              Conj/Erth      0%         3d7       75%         3
 Plasma Beam              Fire/Air       0%         2x1d10    100%        6
 Starburst                Conj/Fire      0%         6d3       100%        6


Dungeon Overview and Level Annotations

Branches:
Dungeon (3/15)

Altars:


Innate Abilities, Weirdness & Mutations

You are a hulking beast.
Your limbs bulge with bestial killing power. (Slay +2)
You cannot wear most types of armour.
You are amphibious.
You can wear up to eight rings at the same time.
Your skin changes colour to match your surroundings (Stealth+).
Your rubbery body absorbs attacks. (AC +1, EV +1)
((You are camouflaged when in or above water. (Stealth+)))
You have tentacles for arms and can constrict up to eight enemies at once.


Message History

You have reached level 4!
You tentacle-slap the jackal.
You kill the jackal!
The jackal bites you but does no damage. x2
There is a stone staircase leading up here.
Items here: )) [[ ††.
You tentacle-slap the jackal.
You kill the jackal!
Your Fighting skill increases to level 2!
You tentacle-slap the orc. Your grab misses the orc.
The orc is heavily wounded.
The orc closely misses you.
You bludgeon the orc!
You kill the orc!
You tentacle-slap something. You squeeze something.
You tentacle-slap something. Your squeeze misses something.
You hear some strange, mumbled words.
A magic dart appears from out of thin air!
The magic dart hits you!
You miss something. Something hits you.
You barely miss something. Your squeeze misses something. Something hits you.
You barely miss something. Your squeeze misses something.
You hear some strange, mumbled words.
A puff of flame appears from out of thin air!
The puff of flame misses you.
You miss something. Something hits you.
You tentacle-slap something. Something hits you.
You closely miss something. Something hits you.
* * * LOW HITPOINT WARNING * * *
You closely miss something.
Your tentacle-slap misses something.
You squeeze something. Something hits you.
* * * LOW HITPOINT WARNING * * *
You tentacle-slap something. Your squeeze misses something.
You hear some strange, mumbled words.
You are confused.
You barely miss something.
Your tentacle-slap misses something.
Something hits you.
* * * LOW HITPOINT WARNING * * *
You bump into the rock wall.
Something hits you.
You die...

#..# #..#
######..###
#.........
#.##.#..#
##.#.....# #
###........###..#
#..........h{ho.#
#.#........###.....
# ##.#....## #..
#.##...# #.##...#
#.##...# #>##...#
#....... ##.


You could see an orc and a jackal.

Vanquished Creatures
  An adder (D:2)
  A dart slug (D:1)
  3 orcs (D:3)
  4 bats
  4 endoplasms
  A giant cockroach (D:2)
  6 hobgoblins
  6 jackals
  3 frilled lizards (D:1)
  4 goblins (D:1)
  8 kobolds
  3 rats
44 creatures vanquished.

Notes
Turn   | Place    | Note
-------+----------+-------------------------------------------
     0 | D:1      | Gelion the Octopode Shapeshifter began the quest for the
                  | Orb.
     0 | D:1      | Reached XP level 1. HP: 13/13 MP: 1/1
    64 | D:1      | Reached XP level 2. HP: 16/18 MP: 2/2
   395 | D:1      | Reached XP level 3. HP: 23/23 MP: 3/3
   689 | D:2      | You fall into a shaft and drop 1 floor!
   706 | D:3      | Reached XP level 4. HP: 29/29 MP: 4/4
   722 | D:3      | Slain by an orc wizard

Illustrated notes

Levels and vault maps discovered:
D:1:      lemuel_arrival_hallway, layout_rooms, minmay_tetromino_t2
D:2:      layout_basic
D:3:      layout_loops_ring, nicolae_overflow_hidden_temple,
          shapermc_ecumenical_altar_mp_urbaneastern, minmay_statues_item,
          uniq_crazy_yiuf_cottage

Skill      XL: |  1  2  3  4 |
---------------+-------------+-----
Fighting       | 2 |  2.0
Dodging        | |  2.0
Unarmed Combat | |  3.5
Shapeshifting  | |  3.7

Action                     |  1- 3 |  4- 6 || total
---------------------------+-------+-------++-------
  Melee: Unarmed           |    67 |    15 ||    82
         Tentacles         |    18 |     2 ||    20
         Constrict         |    15 |       ||    15
         Punch             |     1 |       ||     1
    Use: Scroll            |     5 |       ||     5
   Stab: Sleeping          |     7 |       ||     7
 Armour: Skin              |     9 |     2 ||    11
  Dodge: Dodged            |    37 |     2 ||    39

Table legend: (Time is in decaauts)
 A = Elapsed time spent in this place.
 B = Non-inter-level travel time spent in this place.
 C = Inter-level travel time spent in this place.
 D = Time resting spent in this place.
 E = Time spent auto-exploring this place.
 F = Levels seen in this place.
 G = Mean time per level.
                   A        B        C        D        E       F      G
               +--------+--------+--------+--------+--------+-----+--------+
         Total |    715 |    695 |     20 |      0 |    503 |   3 |  238.3 |
       Dungeon |    715 |    695 |     20 |      0 |    503 |   3 |  238.3 |
               +--------+--------+--------+--------+--------+-----+--------+

Top non-repeatable levels by time:
     D:1: 470 daAuts
     D:2: 214 daAuts
     D:3: 30 daAuts
